 Dungeon Crawl Stone Soup version 0.29-a0-409-gd843f3a48c (webtiles) character file.

Game seed: 3336218566695286256

66 spaghetti the Thaumaturge (level 4, 0/51 HPs)
             Began as a Gnoll Wanderer on May 13, 2022.
             Slain by Grinder (7 damage)
             ... on level 4 of the Dungeon.
             The game lasted 00:04:54 (3024 turns).

spaghetti the Thaumaturge (Gnoll Wanderer)          Turns: 3024, Time: 00:04:55

Health: 0/51       AC: 22    Str: 12 (13) XL:     4   Next: 15%
Magic:  4/17       EV:  2    Int: 10 (13) God:
Gold:   114        SH:  3    Dex:  7 (10) Spells: 15/25 levels left

rFire   + . .      SeeInvis .   a - +0 hand crossbow {crossbow}
rCold   . . .      Faith    .   b - +0 buckler
rNeg    . . .      Spirit   .   (body armour currently unavailable)
rPois   +          Reflect  .   (helmet currently unavailable)
rElec   .          Harm     .   (cloak currently unavailable)
rCorr   .          Rampage  .   (gloves currently unavailable)
Will    .....      NoTele   +   (boots currently unavailable)
Stlth   +.........              (no amulet)
HPRegen 0.17/turn               h - ring of protection from fire
MPRegen 0.15/turn               (no ring)

@: tree-form (expiring), very slightly contaminated, invisible (expiring)
A: stationary, stasis, torment immunity, boosted hp, (fangs 1), strong nose,
distributed training, (antennae 1), (talons 1), (fire resistance 1), passive
freeze
a: no special abilities


You were on level 4 of the Dungeon.
You were a tree.
You visited 1 branch of the dungeon, and saw 4 of its levels.

You collected 114 gold pieces.


Innate Abilities, Weirdness & Mutations

You are a tree.
Your roots penetrate the ground, keeping you stationary.
You cannot be teleported.
You are immune to unholy pain and torment.
Your maximum health is greatly increased.
Your equipment is partially melded.
((You have very sharp teeth.))
Your uncanny sense of smell can sniff out nearby items.
Your experience applies equally to all skills.
((You have a pair of small antennae on your head.))
((You have sharp toenails.))
((Your flesh is heat resistant. (rF+)))
A frigid envelope surrounds you and freezes all who hurt you.


   Skills:
 + Level 2.7 Fighting
 + Level 1.0 Short Blades
 + Level 1.0 Long Blades
 + Level 1.0 Axes
 + Level 1.0 Maces & Flails
 + Level 1.0 Polearms
 + Level 1.0 Staves
 + Level 1.0 Slings
 + Level 1.0 Bows
 + Level 2.7 Crossbows
 + Level 1.0 Throwing
 + Level 2.7 Armour
 + Level 1.0 Dodging
 + Level 1.0 Stealth
 + Level 2.7 Shields
 + Level 1.0 Unarmed Combat
 + Level 11.3 Spellcasting
 + Level 0.8 Conjurations
 + Level 0.8 Hexes
 + Level 0.8 Summonings
 + Level 0.8 Necromancy
 + Level 0.8 Translocations
 + Level 0.8 Transmutations
 + Level 0.8 Fire Magic
 + Level 0.8 Ice Magic
 + Level 0.8 Air Magic
 + Level 0.8 Earth Magic
 + Level 0.8 Poison Magic
 + Level 1.1 Invocations
 + Level 1.0 Evocations


You had 15 spell levels left.
You knew the following spells:

 Your Spells              Type           Power      Damage    Failure   Level
a - Magic Dart            Conj           28%        1d4       12%         1
b - Spider Form           Tmut/Pois      7%         N/A       34%         3
c - Tukima's Dance        Hex            7%         N/A       34%         3
d - Swiftness             Air            7%         N/A       34%         3

Your spell library contained the following spells:

 Spells                   Type           Power      Damage    Failure   Level
 Corpse Rot               Necr/Air       14%        N/A       17%         2
 Poisonous Vapours        Pois/Air       14%        N/A       17%         2

Inventory:

Hand Weapons
 a - a +0 hand crossbow (weapon) {crossbow}
 k - a +2 hunting sling of flaming {sling}
   (You took it off a goblin on level 2 of the Dungeon)
Missiles
 g - 92 stones {throwing}
Armour
 b - a +0 buckler (worn)
 d - a +0 leather armour (melded)
 f - a +1 pair of boots (melded)
   (You found it on level 1 of the Dungeon)
Jewellery
 h - a ring of protection from fire (left branch)
   (You found it on level 1 of the Dungeon)
 l - a +6 ring of strength
   (You found it on level 2 of the Dungeon)
Scrolls
 e - 2 scrolls of teleportation {@r4}
 i - a scroll of identify {@r1}
 n - a scroll of immolation {!r!r}

Dungeon Overview and Level Annotations

Branches:
Dungeon (4/15)
 Temple: D:4-7

Altars:
Makhleb
Nemelex Xobeh
Uskayaw

Portals:
Abyss: D:3

Annotations:
D:3 2 transporters, HendSelp's ghost, amateur HuHu
D:4 Grinder

##+###.......###.###.##..######
........####.#.###.#.##..######
........# #.#.....#...........
........# #.##._.##....)......
........####..# #..+#########
...####.......##+##... ...
#............... ..
#........#..#... #......5♣# .+
+........# # #..........
#.....####.. #.....# .. #.....
=. .... ... ... ...


You could see Grinder (can't see you).


Message History

The magic dart hits Grinder.
Grinder blinks!
Aiming: Magic Dart (safe; 12% risk of failure)
Press: ? - help, Q - select action, (/) - cycle Shift-Dir - straight line, f/p - Grinder
Aim: Grinder (heavily wounded, can't see you, 100% to hit)
The magic dart hits Grinder but does no damage.
Grinder gestures at you.
You suddenly lose the ability to move!
You can move again. 😱 HP[+1] MP[-1]
You lost 1 mp, and now have 13/17 mp.
You aren't carrying any items that you can evoke.
As you read the scroll of fear, it crumbles to dust.
You assume a fearsome visage.
Grinder resists with some effort.
As you read the scroll labelled XIRUICW ZALI, it crumbles to dust.
You feel a strange sense of stasis.
It was a scroll of teleportation.
As you read the scroll labelled DIABAI TAOS, it crumbles to dust.
It is a scroll of identify.
n - a scroll of immolation Grinder blinks!
Unknown command.
Aiming: Magic Dart (safe; 12% risk of failure)
Press: ? - help, Q - select action, (/) - cycle Shift-Dir - straight line, f/p - Grinder
Aim: Grinder (heavily wounded, can't see you, 100% to hit)
The magic dart hits Grinder.
Aiming: Magic Dart (safe; 12% risk of failure)
Press: ? - help, Q - select action, (/) - cycle Shift-Dir - straight line, f/p - Grinder
Aim: Grinder (severely wounded, can't see you, 100% to hit)
The magic dart hits Grinder. 😱 HP[+1] MP[-1]
You lost 1 mp, and now have 12/17 mp.
Aiming: Magic Dart (safe; 12% risk of failure)
Press: ? - help, Q - select action, (/) - cycle Shift-Dir - straight line, f/p - Grinder
Aim: Grinder (severely wounded, can't see you, 100% to hit)
You miscast Magic Dart.
Nothing appears to happen.
Your transformation is almost over. 😱 MP[-1]
You lost 1 mp, and now have 11/17 mp.
Aiming: Magic Dart (safe; 12% risk of failure)
Press: ? - help, Q - select action, (/) - cycle Shift-Dir - straight line, f/p - Grinder
Aim: Grinder (severely wounded, can't see you, 100% to hit)
The magic dart hits Grinder but does no damage. 😱 MP[-1]
You lost 1 mp, and now have 10/17 mp.
Aiming: Magic Dart (safe; 12% risk of failure)
Press: ? - help, Q - select action, (/) - cycle Shift-Dir - straight line, f/p - Grinder
Aim: Grinder (severely wounded, can't see you, 100% to hit)
You miscast Magic Dart.
Nothing appears to happen. 😱 MP[-1]
You lost 1 mp, and now have 9/17 mp.
Aiming: Magic Dart (safe; 12% risk of failure)
Press: ? - help, Q - select action, (/) - cycle Shift-Dir - straight line, f/p - Grinder
Aim: Grinder (severely wounded, can't see you, 100% to hit)
The magic dart hits Grinder.
Grinder hits you but does no damage.
Grinder resists.
Grinder is very cold. 😱 MP[-1]
You lost 1 mp, and now have 8/17 mp.
Aiming: Magic Dart (safe; 12% risk of failure)
Press: ? - help, Q - select action, (/) - cycle Shift-Dir - straight line, f/p - Grinder
Aim: Grinder (severely wounded, can't see you, 100% to hit)
The magic dart hits Grinder but does no damage.
Grinder barely misses you. 😱 MP[-1]
You lost 1 mp, and now have 7/17 mp.
Aiming: Magic Dart (safe; 12% risk of failure)
Press: ? - help, Q - select action, (/) - cycle Shift-Dir - straight line, f/p - Grinder
Aim: Grinder (severely wounded, can't see you, 100% to hit)
The magic dart hits Grinder.
Grinder hits you but does no damage.
Grinder resists.
Grinder is very cold. 😱 HP[+1]
Aiming: Magic Dart (safe; 12% risk of failure)
Press: ? - help, Q - select action, (/) - cycle Shift-Dir - straight line, f/p - Grinder
Aim: Grinder (almost dead, can't see you, 100% to hit)
You miscast Magic Dart.
Nothing appears to happen.
You flicker for a moment.
Grinder hits you.
* * * LOW HITPOINT WARNING * * *
You writhe in agony.
* * * LOW HITPOINT WARNING * * *
Grinder completely resists. 😱 HP[-4] MP[-1]
You take 4 damage, and now have 7/51 hp.
You lost 1 mp, and now have 6/17 mp.
Aiming: Magic Dart (safe; 12% risk of failure)
Press: ? - help, Q - select action, (/) - cycle Shift-Dir - straight line, f/p - Grinder
Aim: Grinder (almost dead, can't see you, 100% to hit)
The magic dart hits Grinder but does no damage.
Grinder hits you but does no damage.
Grinder resists.
Grinder is very cold. 😱 MP[-1]
You lost 1 mp, and now have 5/17 mp.
Aiming: Magic Dart (safe; 12% risk of failure)
Press: ? - help, Q - select action, (/) - cycle Shift-Dir - straight line, f/p - Grinder
Aim: Grinder (almost dead, can't see you, 100% to hit)
The magic dart hits Grinder.
Grinder hits you!
You die...

Skill      XL: |  1  2  3 |
---------------+----------+-----
Spellcasting   | | 11.3
Invocations    | 1 |  1.1
Short Blades   | 1 |  1.0
Long Blades    | 1 |  1.0
Axes           | 1 |  1.0
Maces & Flails | 1 |  1.0
Polearms       | 1 |  1.0
Staves         | 1 |  1.0
Slings         | 1 |  1.0
Bows           | 1 |  1.0
Throwing       | 1 |  1.0
Dodging        | 1 |  1.0
Stealth        | 1 |  1.0
Unarmed Combat | 1 |  1.0
Evocations     | 1 |  1.0
Fighting       | |  2.7
Crossbows      | |  2.7
Armour         | |  2.7
Shields        | |  2.7
Conjurations   | |  0.8
Hexes          | |  0.8
Summonings     | |  0.8
Necromancy     | |  0.8
Translocations | |  0.8
Transmutations | |  0.8
Fire Magic     | |  0.8
Ice Magic      | |  0.8
Air Magic      | |  0.8
Earth Magic    | |  0.8
Poison Magic   | |  0.8

Action                   |  1- 3 |  4- 6 || total
-------------------------+-------+-------++-------
 Fire: Hand crossbow     |     7 |       ||     7
 Cast: Magic Dart        |   105 |    44 ||   149
  Use: Potion            |     1 |     4 ||     5
       Scroll            |       |     3 ||     3
Armor: Leather armour    |    12 |     2 ||    14
       Skin              |       |     6 ||     6
Dodge: Dodged            |    12 |     4 ||    16
Block: Buckler           |     3 |     1 ||     4

Levels and vault maps discovered:
D:1:      nicolae_arrival_washed_ashore, layout_loops_ring,
          hellmonk_ecumenical_altar_leap_of_faith
D:2:      layout_basic
D:3:      layout_rooms, nicolae_overflow_hidden_temple,
          gammafunk_ghost_abyssal_escape
D:4:      layout_gridville, nicolae_uskayaw_en_pointe, temple_statues,
          uniq_pikel, uniq_sigmund, uniq_grinder

Notes
Turn   | Place    | Note
-------+----------+-------------------------------------------
     0 | D:1      | Reached skill level 11 in Spellcasting
     0 | D:1      | spaghetti the Gnoll Wanderer began the quest for the Orb.
     0 | D:1      | spaghetti set off with the following items: a +0 hand
                  | crossbow {crossbow}, a +0 buckler, a scroll of fear, a +0
                  | leather armour; and the following spell memorised: Magic
                  | Dart; and the following spells available to memorise:
                  | Spider Form, Swiftness, Tukima's Dance
     0 | D:1      | Reached XP level 1. HP: 17/17 MP: 12/12
     0 | D:1      | magus.rc [v1.9.6]
   523 | D:1      | Reached XP level 2. HP: 23/23 MP: 11/14
  1005 | D:1      | Found a faded altar of an unknown god.
  1350 | D:2      | Reached XP level 3. HP: 17/28 MP: 6/15
  1378 | D:2      | Gained mutation: A frigid envelope surrounds you and
                  | freezes all who hurt you. [potion of mutation]
  1378 | D:2      | Gained mutation: Your flesh is heat resistant. (rF+)
                  | [potion of mutation]
  1378 | D:2      | Gained mutation: You have a pair of small antennae on your
                  | head. [potion of mutation]
  1378 | D:2      | Gained mutation: You have sharp toenails. [potion of
                  | mutation]
  1540 | D:2      | Learned a level 3 spell: Spider Form
  1544 | D:2      | Learned a level 3 spell: Tukima's Dance
  1548 | D:2      | Learned a level 3 spell: Swiftness
  1584 | D:2      | Reached skill level 1 in Invocations
  2245 | D:3      | Reached skill level 1 in Short Blades
  2245 | D:3      | Reached skill level 1 in Long Blades
  2245 | D:3      | Reached skill level 1 in Axes
  2245 | D:3      | Reached skill level 1 in Maces & Flails
  2245 | D:3      | Reached skill level 1 in Polearms
  2245 | D:3      | Reached skill level 1 in Staves
  2245 | D:3      | Reached skill level 1 in Slings
  2245 | D:3      | Reached skill level 1 in Bows
  2245 | D:3      | Reached skill level 1 in Throwing
  2245 | D:3      | Reached skill level 1 in Dodging
  2245 | D:3      | Reached skill level 1 in Stealth
  2245 | D:3      | Reached skill level 1 in Unarmed Combat
  2245 | D:3      | Reached skill level 1 in Evocations
  2383 | D:3      | Reached XP level 4. HP: 34/34 MP: 11/17
  2562 | D:3      | Found a sparkling altar of Nemelex Xobeh.
  2565 | D:3      | Found a burning altar of Makhleb.
  2680 | D:3      | Found a transporter.
  2684 | D:3      | Found a one-way gate to the infinite horrors of the Abyss.
  2684 | D:3      | Noticed HendSelp's ghost (amateur HuHu)
  2684 | D:3      | Noticed a kobold brigand
  2695 | D:3      | Found a transporter.
  2695 | D:3      | Noticed a small abomination
  2728 | D:3      | You pick up a book of Vapours and begin reading...
  2728 | D:3      | You add the spells Poisonous Vapours and Corpse Rot to your
                  | library.
  2934 | D:4      | Noticed a +0 dagger
  2934 | D:4      | Noticed a +0 spear
  2934 | D:4      | Noticed a +0 short sword
  2935 | D:4      | Noticed a +0 falchion
  2935 | D:4      | Noticed a +0 dagger
  2936 | D:4      | Noticed a +0 falchion
  2937 | D:4      | Noticed a +0 short sword
  2939 | D:4      | Found a hide-covered altar of Uskayaw.
  2939 | D:4      | Noticed a +0 spear
  2987 | D:4      | Noticed Grinder
  3007 | D:4      | HP: 8/51 [Grinder (5)]
  3009 | D:4      | Paralysed by Grinder for 2 turns
  3022 | D:4      | HP: 9/51 [Grinder (2)]
  3024 | D:4      | Slain by Grinder

Vanquished Creatures
  An adder (D:2)
  A worm (D:2)
  2 dart slugs
  An orc (D:3)
  5 ball pythons
  2 bats
  6 endoplasms
  2 giant cockroaches
  10 goblins
  A hobgoblin (D:3)
  4 kobolds
  2 frilled lizards
  6 rats
43 creatures vanquished.

Table legend:
 A = Non-vault XP
 B = Vault XP
 C = Vault XP percentage of total XP
 D = Non-vault monster count
 E = Vault monster count
 F = Vault count percentage of total count
                 A         B        C        D         E       F
            +---------+---------+-------+---------+---------+-------
      Total |      95 |       0 |   0.0 |      43 |       0 |   0.0
            +---------+---------+-------+---------+---------+-------
        D:1 |      22 |       0 |   0.0 |      12 |       0 |   0.0
        D:2 |      46 |       0 |   0.0 |      17 |       0 |   0.0
        D:3 |      25 |       0 |   0.0 |      13 |       0 |   0.0
        D:4 |       2 |       0 |   0.0 |       1 |       0 |   0.0
            +---------+---------+-------+---------+---------+-------

Illustrated notes

Table legend:
 A = Kills in this place as a percentage of kills in entire the game.
 B = Kills by you in this place as a percentage of kills by you in the entire game.
 C = Kills by friends in this place as a percentage of kills by friends in the entire game.
 D = Other kills in this place as a percentage of other kills in the entire game.
 E = Experience gained in this place as a percentage of experience gained in the entire game.
 F = Experience gained in this place divided by the number of levels of this place that you have seen.
                   A       B       C       D       E      F
               +-------+-------+-------+-------+-------+----------------------
         Total | 100.0 | 100.0 |   N/A |   N/A | 100.0 |  23.8
       Dungeon | 100.0 | 100.0 |   N/A |   N/A | 100.0 |  23.8
               +-------+-------+-------+-------+-------+----------------------

Table legend: (Time is in decaauts)
 A = Elapsed time spent in this place.
 B = Non-inter-level travel time spent in this place.
 C = Inter-level travel time spent in this place.
 D = Time resting spent in this place.
 E = Time spent auto-exploring this place.
 F = Levels seen in this place.
 G = Mean time per level.
                   A        B        C        D        E       F      G
               +--------+--------+--------+--------+--------+-----+--------+
         Total |   3025 |   2942 |     83 |    493 |   2143 |   4 |  756.2 |
       Dungeon |   3025 |   2942 |     83 |    493 |   2143 |   4 |  756.2 |
               +--------+--------+--------+--------+--------+-----+--------+

Top non-repeatable levels by time:
     D:2: 1144 daAuts
     D:1: 1096 daAuts
     D:3: 656 daAuts
     D:4: 127 daAuts
